 Dungeon Crawl Stone Soup version 0.31-a0-1009-g454b1f1e0a (webtiles) character file.

Game seed: 13967088994688040968

47035 Colgate the Brawler (level 14, -2/175 HPs)
             Began as a Troll Shapeshifter on Nov 14, 2023.
             Was the Champion of Lugonu.
             Killed from afar by a red draconian (26 damage)
             ... with a searing blast
             ... in a volcano.
             The game lasted 01:30:25 (25690 turns).

Colgate the Brawler (Troll Shapeshifter)           Turns: 25690, Time: 01:30:25

Health: -2/175     AC:  9    Str: 40    XL:     14   Next: 7%
Magic:  12/19      EV: 11    Int:  6    God:    Lugonu [******]
Gold:   947        SH:  0    Dex:  9    Spells: 13/13 levels left

rFire   . .          .
                       - Unarmed
rCold   . . .        (shield currently unavailable)
rNeg    . . .        L - melded +0 swamp dragon scales
rPois   +            z - melded +1 hat {SInv}
rElec   .            B - melded scarf {shadows}
rCorr   .            (gloves unavailable)
SInv    .            (boots unavailable)
Will    +....        D - amulet of faith
Stlth   +            o - ring of poison resistance
HPRegen 1.29/turn    C - +6 ring of strength
MPRegen 0.16/turn

%: faith
@: mighty, snake-form
A: constrict, boosted hp, large, unfitting armour, (claws 3), regeneration 1,
(shaggy fur 1), (tough skin 1)
a: Begin Untransformation, Renounce Religion, Depart the Abyss, Banish, Corrupt,
Enter the Abyss, Brand Weapon With Distortion


You were in a volcano.
You worshipped Lugonu.
Lugonu was exalted by your worship.
You were an enormous anaconda.
You visited 4 branches of the dungeon, and saw 18 of its levels.
You also visited: Volcano.

You collected 1886 gold pieces.
You spent 939 gold pieces at shops.

Inventory:

Armour
 z - a +1 hat of see invisible (melded)
 B - a scarf of shadows (melded)
 L - +0 swamp dragon scales (melded)
Jewellery
 o - a ring of poison resistance (left hand)
 C - a +6 ring of strength (right hand)
 D - an amulet of faith (around neck)
Wands
 w - a wand of digging (11) {@v3}
 J - a wand of mindburst (18)
 P - a wand of light (13) {@v1}
 U - a wand of paralysis (9)
 X - a wand of polymorph (7)
Scrolls
 n - 5 scrolls of teleportation {@r3}
 q - 5 scrolls of fog
Potions
 j - 2 potions of enlightenment
 k - 6 potions of curing {@q1}
 l - 4 potions of invisibility
 t - a potion of attraction
 v - 5 potions of mutation
 E - 2 potions of cancellation
 F - a potion of berserk rage
 I - 4 potions of magic
 K - a potion of ambrosia
 M - a potion of resistance {@q5}
 W - 2 potions of lignification


   Skills:
 - Level 11.0 Fighting
 - Level 5.3 Dodging
 - Level 1.0 Stealth
 - Level 15.0 Unarmed Combat
 + Level 8.5 Invocations
 - Level 2.0 Evocations
 - Level 10.0 Shapeshifting


You had 13 spell levels left.
You didn't know any spells.
Your spell library contained the following spells:

 Spells                   Type           Power      Damage    Failure   Level
 Apportation              Tloc           0%         N/A       45%         1
 Necrotise                Necr           0%         1d4       45%         1
 Sting                    Tmut/Pois      0%         1d3       45%         1
 Summon Small Mammal      Summ           0%         N/A       45%         1
 Blink                    Tloc           0%         N/A       58%         2
 Lesser Beckoning         Tloc           0%         N/A       58%         2
 Momentum Strike          Conj/Tloc      0%         3d8       58%         2
 Poisonous Vapours        Pois/Air       0%         N/A       58%         2
 Dazzling Flash           Conj/Hex       0%         N/A       83%         3
 Olgreb's Toxic Radiance  Pois           0%         N/A       99%         4
 Agony                    Necr           0%         N/A       100%        5
 Silence                  Hex/Air        0%         N/A       100%        5


Dungeon Overview and Level Annotations

Branches:
Dungeon (12/15)            Temple (1/1) D:4            Lair (3/5) D:8
  Swamp (0/4) Lair:2       Spider (0/4) Lair:2          Orc (2/2) D:12
    Elf (0/3) Orc:2       Volcano (1/1)

Altars:
Ashenzari
Cheibriados
Dithmenos
Elyvilon
Fedhas
Gozag
Hepliaklqana
Kikubaaqudgha
Makhleb
Nemelex Xobeh
Okawaru
Qazlal
Ru
Sif Muna
Trog
Uskayaw
Vehumet
Wu Jian
Xom
Yredelemnul
Zin
The Shining One
Lugonu

Shops:
D:2 ?   D:5 *   D:9 :(   Orc:2 (([!

Annotations:
D:5 2 transporters
D:12 corrupted
Lair:1 corrupted
Orc:2 corrupted
Abyss:1 Josephine Volcano corrupted


Innate Abilities, Weirdness & Mutations

You are an enormous anaconda.
You have a powerful constriction melee attack.
Your maximum health is increased.
Your armour is entirely melded.
You are incapable of wielding weapons or throwing items.
You are too large for most types of armour.
((You have claws for hands.))
Your natural rate of healing is unusually fast.
((You are covered in fur. (AC +1)))
((You have tough skin. (AC +1)))


Message History

The harpy skeleton claws you but does no damage.
The red draconian hits you with a +1 scimitar of flaming!
The red draconian burns you. The two-headed ogre closely misses you.
The two-headed ogre hits you with a +0 great mace of flaming!
* * * LOW HITPOINT WARNING * * *
The two-headed ogre burns you!
* * * LOW HITPOINT WARNING * * *
Something hits you but does no damage.
You hit the red draconian but do no damage.
You constrict the red draconian. The harpy skeleton claws you.
* * * LOW HITPOINT WARNING * * *
The harpy skeleton claws you but does no damage.
The red draconian hits you with a +1 scimitar of flaming!
* * * LOW HITPOINT WARNING * * *
The red draconian burns you.
* * * LOW HITPOINT WARNING * * *
The harpy skeleton claws you.
* * * LOW HITPOINT WARNING * * *
The harpy skeleton claws you.
* * * LOW HITPOINT WARNING * * *
The small abomination hits something!
You release your grip on the red draconian.
The thrashing horror tramples the two-headed ogre.
The two-headed ogre stumbles backwards!
The thrashing horror tramples the two-headed ogre!
The two-headed ogre holds its ground!
The thrashing horror closely misses the two-headed ogre.
The two-headed ogre hits the thrashing horror with a +0 giant club of flaming!!
The two-headed ogre burns the thrashing horror.
The two-headed ogre hits the thrashing horror with a +0 great mace of flaming!!
The two-headed ogre burns the thrashing horror.
The harpy skeleton claws the red draconian.
The harpy skeleton claws the red draconian but does no damage.
The thrashing horror tramples the two-headed ogre!
The two-headed ogre holds its ground!
The thrashing horror tramples the two-headed ogre.
The two-headed ogre stumbles backwards!
Something hits you but does no damage. The red draconian breathes fire at you.
The searing blast hits you!!
You die...

§§≈≈§≈≈≈#§§§§...# #.
§§§≈≈≈≈≈.≈§≈§...# #..
≈≈≈≈≈≈≈.#....#.## #..#
≈§≈§§≈≈..#...... #..#
§≈≈≈≈§≈#......#.##...#
≈≈≈≈≈≈§≈...bXw##z..##[[
.§≈≈§≈≈§§.#x│..).X∩.!!#
.§≈≈§≈≈≈#....#.Zd#..#)
..≈§≈≈≈.....3x.#S#..#
#...........h#..## ..#
######..#.##..## ..#
#### #.#. .. ##.. . .#.
#


You could see a red draconian (catching breath), a neutral tentacled starspawn
(summoned, distracted), a neutral thrashing horror (summoned), a neutral small
abomination (summoned, distracted), a neutral fire bat (summoned, wandering), a
neutral starspawn tentacle (distracted), a neutral flying skull (summoned,
distracted) and a neutral harpy skeleton (summoned, distracted).

Vanquished Creatures
  An orc warlord (Orc:2)
  A hydra (Lair:3)
  2 catoblepae
  4 two-headed ogres
  Erica (D:9)
  Harold (D:8)
  12 death yaks
  3 orc high priests (Orc:2)
  A skyshark (Lair:2)
  4 orc knights (Orc:2)
  2 cyclopes
  4 orc sorcerers (Orc:2)
  2 manticores
  2 black mambas
  5 elephants (Lair:2)
  A torpor snail (D:8)
  9 cane toads
  4 kobold demonologists
  A gargoyle (D:11)
  An unseen horror (D:12)
  6 komodo dragons
  5 trolls
  A meliai (shapeshifter) (D:10)
  A meliai (Lair:2)
  A hornet (D:10)
  4 blink frogs
  Sigmund (D:2)
  A shadow (D:10)
  A basilisk (Lair:3)
  A vampire (D:10)
  A wyvern (Lair:2)
  20 yaks
  6 wraiths
  5 fire bats (Volcano)
  A steam dragon (D:7)
  Menkaure (D:6)
  6 vampire mosquitoes
  2 wargs
  7 water moccasins
  2 acid dragons (D:11)
  20 orc warriors
  2 black bears (D:6)
  5 ice beasts
  6 ogres
  4 wolves (Lair:1)
  4 centaurs
  9 kobold brigands
  6 bullfrogs
  4 scorpions
  A gnoll sergeant (D:10)
  9 wights
  13 killer bees
  3 howler monkeys
  An electric eel (Lair:1)
  6 lava snakes (Volcano)
  3 hounds
  22 orc priests
  3 jellies
  2 sleepcaps
  2 gnoll boudas
  4 iguanas
  19 orc wizards
  33 gnolls
  6 adders
  4 shadow imps
  3 white imps
  2 ufetubi (D:5)
  2 worms
  A dart slug (D:2)
  85 orcs
  4 ball pythons
  10 endoplasms
  5 giant cockroaches
  5 goblins
  3 hobgoblins
  41 kobolds
  2 quokkas (D:4)
  5 bats (D:1)
  3 frilled lizards
  11 kobold skeletons (D:8)
  7 kobold zombies (D:8)
  6 rats
520 creatures vanquished.

Vanquished Creatures (others)
  Frances (D:12)
  Donald (Orc:2)
  A two-headed ogre (D:12)
  An orc high priest (Orc:2)
  Maurice (Orc:2)
  4 orc warriors (Orc:2)
  A bullfrog (Lair:1)
  An orc wizard (Orc:2)
  7 orcs
18 creatures vanquished.

Grand Total: 538 creatures vanquished

Notes
Turn   | Place    | Note
-------+----------+-------------------------------------------
     0 | D:1      | Colgate the Troll Shapeshifter began the quest for the Orb.
     0 | D:1      | Reached XP level 1. HP: 18/18 MP: 0/0
   146 | D:1      | Reached XP level 2. HP: 26/26 MP: 1/1
   546 | D:1      | Reached skill level 4 in Unarmed Combat
   590 | D:1      | Reached XP level 3. HP: 29/32 MP: 2/2
  1018 | D:2      | Reached skill level 5 in Unarmed Combat
  1018 | D:2      | Reached XP level 4. HP: 40/40 MP: 3/3
  1254 | D:2      | Noticed Sigmund
  1265 | D:2      | Killed Sigmund
  1266 | D:2      | Reached skill level 6 in Unarmed Combat
  1266 | D:2      | Reached XP level 5. HP: 38/46 MP: 4/4
  1329 | D:2      | Found Qidduevo's Magic Scroll Shoppe.
  1385 | D:2      | Reached XP level 6. HP: 34/54 MP: 5/5
  1699 | D:2      | Bought a scroll of identify for 26 gold pieces
  1749 | D:3      | Found a faded altar of an unknown god.
  1754 | D:3      | Prayed at the altar of an unknown god.
  1754 | D:3      | Became a worshipper of Lugonu the Unformed
  1754 | D:3      | Reached * piety under Lugonu
  1783 | D:3      | Found a basalt altar of Yredelemnul.
  1787 | D:3      | Found an opulent altar of Gozag.
  1796 | D:3      | Found a sparkling altar of Nemelex Xobeh.
  1796 | D:3      | Found a hide-covered altar of Uskayaw.
  1803 | D:3      | Found a shadowy altar of Dithmenos.
  1841 | D:3      | Found a broken altar of Ashenzari.
  1874 | D:3      | Reached skill level 7 in Unarmed Combat
  2365 | D:2      | Bought a scroll of fear for 52 gold pieces
  2365 | D:2      | Bought a scroll of fog for 52 gold pieces
  2751 | D:4      | Reached ** piety under Lugonu
  2770 | D:4      | Reached XP level 7. HP: 55/61 MP: 6/6
  2865 | D:3      | Reached skill level 5 in Shapeshifting
  3058 | D:4      | Found a staircase to the Ecumenical Temple.
  3063 | Temple   | Entered the Ecumenical Temple
  3152 | D:5      | Entered Level 5 of the Dungeon
  3266 | D:2      | Bought a scroll of teleportation for 39 gold pieces
  3675 | D:5      | Found a transporter.
  3762 | D:5      | Found a transporter.
  3762 | D:5      | You fall into a shaft and drop 3 floors!
  3768 | D:8      | Noticed a vampire mosquito
  3768 | D:8      | Noticed a vampire mosquito
  3773 | D:8      | Found an ancient bone altar of Kikubaaqudgha.
  3773 | D:8      | Noticed a kobold demonologist
  3787 | D:8      | Killed a kobold demonologist
  3788 | D:8      | Reached XP level 8. HP: 26/68 MP: 7/7
  3794 | D:8      | Reached skill level 1 in Fighting
  3871 | D:8      | Reached skill level 1 in Invocations
  3872 | D:8      | Reached *** piety under Lugonu
  4099 | D:8      | Reached skill level 5 in Invocations
  4149 | D:8      | Reached XP level 9. HP: 76/76 MP: 11/11
  4207 | D:8      | Reached **** piety under Lugonu
  4316 | D:8      | Found a staircase to the Lair.
  4352 | D:8      | Reached skill level 8 in Unarmed Combat
  4361 | D:8      | Found a shimmering altar of Xom.
  4655 | D:8      | Reached skill level 9 in Unarmed Combat
  5279 | D:5      | Reached skill level 10 in Unarmed Combat
  5700 | D:5      | Found Ovymaph's Serpentskin Sales.
  5916 | D:6      | Reached XP level 10. HP: 70/92 MP: 12/12
  6049 | D:6      | Identified the +1 robe of Tenacity {rElec rPois rC- SInv}
  6304 | D:6      | Reached ***** piety under Lugonu
  6419 | D:6      | Noticed Menkaure
  6427 | D:6      | Killed Menkaure
  6460 | D:6      | Reached skill level 5 in Fighting
  7682 | D:9      | Found Lixidwol's Vocational Training.
  7683 | D:9      | Found a shimmering blue altar of Sif Muna.
  7951 | D:9      | Found a glowing silver altar of Zin.
  8035 | D:9      | Noticed a catoblepas
  8035 | D:9      | Noticed Erica
  8305 | D:9      | Noticed Harold
  8353 | Lair:1   | Entered Level 1 of the Lair of Beasts
  8353 | Lair:1   | Noticed a torpor snail
  8353 | Lair:1   | Noticed a death yak
  8353 | Lair:1   | Noticed a death yak
  8353 | Lair:1   | Noticed a death yak
  8353 | Lair:1   | Noticed a death yak
  8353 | Lair:1   | Noticed a cane toad
  8354 | Lair:1   | Noticed a death yak
  8416 | D:8      | Killed Harold
  8430 | D:9      | Killed a catoblepas
  8431 | D:9      | Reached skill level 5 in Dodging
  8693 | D:9      | Found Seph's Antique Weapon Shoppe.
  9111 | D:10     | Entered Level 10 of the Dungeon
  9254 | D:10     | Reached XP level 11. HP: 107/107 MP: 13/13
  9542 | D:10     | Noticed a two-headed ogre
  9552 | D:10     | Killed a two-headed ogre
  9625 | D:10     | Paralysed by a hornet for 1 turns
  9718 | D:10     | Reached skill level 11 in Unarmed Combat
  9882 | D:5      | Bought +0 swamp dragon scales for 550 gold pieces
 12240 | D:12     | Reached ****** piety under Lugonu
 12255 | D:12     | Found a staircase to the Orcish Mines.
 12402 | D:12     | Reached skill level 12 in Unarmed Combat
 12661 | D:12     | Noticed Frances
 12662 | D:12     | Corrupted D:12
 12662 | D:12     | Noticed a soul eater
 12662 | D:12     | Noticed a starcursed mass
 12663 | D:12     | Noticed an eidolon
 12667 | D:12     | Killed Frances
 12668 | D:12     | Noticed a tentacled starspawn
 12688 | D:12     | Killed a two-headed ogre
 13434 | Orc:1    | Entered Level 1 of the Orcish Mines
 13990 | Orc:1    | Noticed Josephine
 13992 | Orc:1    | Banished Josephine
 14092 | Orc:1    | Reached XP level 12. HP: 119/119 MP: 16/16
 14722 | Orc:2    | Entered Level 2 of the Orcish Mines
 14722 | Orc:2    | Noticed Donald
 15112 | Orc:2    | Noticed an orc warlord
 15676 | Orc:2    | Noticed an orc high priest
 15687 | Orc:2    | Killed an orc high priest
 15842 | Orc:2    | Corrupted Orc:2
 15842 | Orc:2    | Noticed a rakshasa
 15842 | Orc:2    | Noticed a white very ugly thing
 15849 | Orc:2    | Killed Donald
 15859 | Orc:2    | Noticed a bone dragon
 15926 | Orc:2    | Killed Maurice
 15962 | Orc:2    | Killed an orc high priest
 16070 | Orc:2    | Killed an orc warlord
 16071 | Orc:2    | Reached skill level 10 in Shapeshifting
 16480 | Orc:2    | Found a staircase to the Elven Halls.
 16654 | Orc:2    | Reached skill level 13 in Unarmed Combat
 16791 | Lair:1   | Noticed a death yak
 16792 | Lair:1   | Corrupted Lair:1
 16792 | Lair:1   | Noticed a green draconian
 16792 | Lair:1   | Noticed a starcursed mass
 16792 | Lair:1   | Noticed a starcursed mass
 16792 | Lair:1   | Noticed a great orb of eyes
 16799 | D:8      | Killed a death yak
 17245 | Orc:2    | Noticed an orc high priest
 17255 | Orc:2    | Noticed an orc high priest
 17256 | Orc:2    | Killed an orc high priest
 17260 | Orc:2    | Killed an orc high priest
 17744 | Orc:2    | Found Xemisyod's Distillery.
 17750 | Orc:2    | Paralysed by an orc sorcerer for 5 turns
 17818 | Orc:2    | Found Xibupeol's Antique Armour Shoppe.
 17824 | Orc:2    | Found Ofaclo's Antique Weapon Shoppe.
 17826 | Orc:2    | Found Nuiliub's Antique Weapon Boutique.
 17984 | D:9      | Found Lixidwol's Vocational Training.
 17991 | D:9      | Found a shimmering blue altar of Sif Muna.
 18009 | D:9      | Found a glowing silver altar of Zin.
 18135 | D:9      | Killed Erica
 18253 | D:9      | Found Seph's Antique Weapon Shoppe.
 18698 | D:8      | Killed a death yak
 18815 | D:8      | Killed a death yak
 18816 | D:8      | Reached XP level 13. HP: 127/132 MP: 17/17
 18970 | D:8      | Found a staircase to the Lair.
 19229 | D:8      | Found a shimmering altar of Xom.
 19619 | D:8      | Found an ancient bone altar of Kikubaaqudgha.
 19679 | D:8      | Reached skill level 1 in Evocations
 19728 | D:8      | Found a staircase to the Lair.
 19755 | D:8      | Found a shimmering altar of Xom.
 20296 | D:5      | Bought a ring of poison resistance for 220 gold pieces
 21660 | Lair:1   | Reached skill level 14 in Unarmed Combat
 21847 | Lair:2   | Reached skill level 1 in Stealth
 22667 | Lair:2   | Found a hole to the Spider Nest.
 24239 | Lair:2   | Reached skill level 15 in Unarmed Combat
 24548 | Lair:2   | Found a staircase to the Swamp.
 24839 | Lair:2   | Reached skill level 10 in Fighting
 25396 | Lair:3   | Found a dark tunnel.
 25430 | Volcano  | Entered a volcano
 25583 | Volcano  | Reached XP level 14. HP: 146/146 MP: 19/19
 25685 | Volcano  | Corrupted Volcano
 25685 | Volcano  | Noticed a tentacled starspawn
 25690 | Volcano  | Killed from afar by a red draconian

Illustrated notes

Levels and vault maps discovered:
D:1:      psy_arrival_statuary, layout_basic, grunt_decor_fettered, minivault_5
D:2:      wander_river, layout_basic, serial_shops, nicolae_shop_rolled_up,
          serial_corexii_hall, chequers_hall_statues_y,
          corexii_hall_statues_deadend, corexii_hall_statues_deadend,
          chequers_hall_statues_y, uniq_sigmund
D:3:      layout_rooms, nicolae_overflow_hallway_of_the_gods, ashenzari_altar_1,
          chequers_ecumenical_altar_grove, minivault_11, solitary_fountain,
          nicolae_concentric_dashed_squares_mild
D:4:      layout_gridville, minmay_temple_entry_statues_pillars,
          minmay_misc_feat_roman, grunt_ministairs_2
D:5:      gammafunk_steamed_eel, layout_loops_corners, guppyfry_shop_venom
D:6:      layout_basic, hangedman_abyss_or_decor_lesser_grid, uniq_menkaure
D:7:      layout_gridville
D:8:      wander_kiku_kobolds, layout_gridville,
          mainiacjoe_overflow_small_starburst, dpeg_oklobed_lair,
          minmay_tree_intersection
D:9:      layout_irregular_city, zin_statuary, nicolae_sif_muna_condensation,
          serial_shops, nicolae_shop_crystal, serial_column_ruins,
          column_ruins_open_tiny, column_ruins_columns_dead_end,
          column_ruins_open_small, column_ruins_grid_1, nicolae_shop_vocational,
          uniq_harold, uniq_erica
D:10:     layout_loops_corners
D:11:     layout_stronghold, skrybe_limestone_x
D:12:     layout_roguey, hiddenorc2_lemuel, uniq_frances
Temple:   cyrus_circular_temple
Lair:1:   layout_layer_cave, grunt_forest_stairs_basic, serial_bayou_shore_a
Lair:2:   layout_big_grid, swamp_mist, hellmonk_spider_entry_not_the_bees,
          grunt_megastairs_3
Lair:3:   layout_hall_layers, enter_volcano_2, hangedman_lair_unloving_vines,
          columned_hall_lemuel
Orc:1:    layout_caves, uniq_josephine
Orc:2:    st_orc_elflike, layout_diamond_mine, nicolae_orc_damp_corner,
          uniq_maurice, uniq_donald
Volcano:  volcano_grotto [vgs_dualism]

Skill      XL: |  1  2  3  4  5  6  7  8  9 10 11 12 13 14 |
---------------+-------------------------------------------+-----
Unarmed Combat | 4 5 6 7 10 12 13 15 | 15.0
Shapeshifting  | 4 7 8 10 | 10.0
Fighting       | 1 4 6 7 9 11 | 11.0
Invocations    | 5 7 8 |  8.5
Dodging        | 5 |  5.3
Evocations     | 1 2 |  2.0
Stealth        | 1 |  1.0

Action                     |  1- 3 |  4- 6 |  7- 9 | 10-12 | 13-15 || total
---------------------------+-------+-------+-------+-------+-------++-------
  Melee: Unarmed           |    72 |   125 |   367 |   672 |   249 ||  1485
         Punch             |     2 |     5 |     1 |       |       ||     8
         Constrict         |       |       |       |    30 |    54 ||    84
 Invoke: Banish            |       |       |       |     3 |       ||     3
         Corrupt           |       |       |       |     3 |     1 ||     4
    Use: Scroll            |       |     5 |     3 |     8 |     1 ||    17
         Potion            |       |       |     3 |     2 |     2 ||     7
   Stab: Sleeping          |       |       |     1 |       |       ||     1
         Distracted        |       |       |       |       |     1 ||     1
         Invisible         |       |       |       |       |     1 ||     1
 Armour: Animal skin       |    41 |    79 |   313 |       |       ||   433
         Steam dragon scal |       |       |    45 |   147 |       ||   192
         Skin              |       |       |    12 |   114 |   207 ||   333
         Swamp dragon scal |       |       |       |   219 |       ||   219
  Dodge: Dodged            |    37 |    35 |   213 |   289 |    91 ||   665
   Form: Flux              |       |       |     1 |       |       ||     1
         Anaconda          |       |       |       |     1 |       ||     1

Table legend: (Time is in decaauts)
 A = Elapsed time spent in this place.
 B = Non-inter-level travel time spent in this place.
 C = Inter-level travel time spent in this place.
 D = Time resting spent in this place.
 E = Time spent auto-exploring this place.
 F = Levels seen in this place.
 G = Mean time per level.
                   A        B        C        D        E       F      G
               +--------+--------+--------+--------+--------+-----+--------+
         Total |  25490 |  23252 |   2238 |   5830 |  13627 |  19 | 1341.6 |
       Dungeon |  16246 |  14274 |   1972 |    930 |  10918 |  12 | 1353.8 |
        Temple |      1 |      1 |      0 |      0 |      0 |   1 |    1.0 |
          Lair |   5027 |   4929 |     98 |   2683 |   1594 |   3 | 1675.7 |
  Orcish Mines |   3964 |   3798 |    166 |   2210 |    945 |   2 | 1982.0 |
       Volcano |    250 |    250 |      0 |      6 |    170 |   1 |  250.0 |
               +--------+--------+--------+--------+--------+-----+--------+

Top non-repeatable levels by time:
     D:8: 3431 daAuts
  Lair:2: 3381 daAuts
   Orc:2: 2581 daAuts
     D:9: 1858 daAuts
    D:11: 1488 daAuts
    D:12: 1484 daAuts
    D:10: 1436 daAuts
   Orc:1: 1382 daAuts
  Lair:1: 1324 daAuts
     D:7: 1310 daAuts
     D:5: 1137 daAuts
     D:2: 1006 daAuts
     D:1: 865 daAuts
     D:6: 784 daAuts
     D:3: 754 daAuts
